3v3 loss in less than 10 minutes, part 1 of 1000000000

Match 23363129
End
Construct Infanterie Kompanie
Kettenkrad Recon Vehicle
MG 42 Machine Gun Team
Selects Mechanized Battlegroup
Grenadier Squad
GrW 34 Mortar Team
Construct Panzergrenadier Kompanie
251 Medium Carrier
Panzergrenadier Squad
Grenadier Squad
Pak 40 Anti-tank Gun Team
ber252ber
Servo_Fan
GermanMan2016
YA BE STOP
dodor12345
lightfalcon
0
0

Comments sign in to comment!

No comments posted yet!